 Dungeon Crawl Stone Soup version 0.22-a0-246-gdc04c06 (webtiles) character file.

70250 mhoghedin the Fighter (level 14, -6/129 HPs)
             Began as a Black Draconian Transmuter on Feb 22, 2018.
             Was the Champion of Dithmenos.
             Killed from afar by a fire dragon (45 damage)
             ... with a blast of flame
             ... on level 6 of the Lair of Beasts.
             The game lasted 01:11:33 (22410 turns).

mhoghedin the Fighter (Black Draconian Transmuter) Turns: 22410, Time: 01:11:34

Health: -6/129     AC: 12    Str: 15    XL:     14   Next: 93%
Magic:  15/20      EV: 20    Int: 14    God:    Dithmenos [******]
Gold:   1501       SH:  7    Dex: 14    Spells: 5/20 levels left

rFire    . . .     SeeInvis .     - Unarmed
rCold    . . .     Gourm    .   f - +2 buckler
rNeg     . . .     Faith    .   (armour unavailable)
rPois    +         Spirit   .   (helmet restricted)
rElec    +         Reflect  .   G - scarf {cloud immunity}
rCorr    .         Harm     .   A - +0 pair of gloves
MR       +....                  J - +0 pair of boots
Stlth    ++........             s - amulet of regeneration {+regen, !d}
HPRegen  0.71/turn              c - ring of poison resistance {rPois, !d}
MPRegen  0.17/turn              z - +2 ring of protection

@: wreathed by umbra
A: breathe lightning, unfitting armour, big wings, electricity resistance,
cold-blooded, AC +8
a: Breathe Lightning, Fly, Shadow Step, Shadow Form, Renounce Religion


You were on level 6 of the Lair of Beasts.
You worshipped Dithmenos.
Dithmenos was exalted by your worship.
You were very hungry.

You visited 3 branches of the dungeon, and saw 18 of its levels.
You also visited: Ice Cave.

You collected 1501 gold pieces.

Inventory:

Missiles
 a - 216 arrows
 B - 2 throwing nets {=f, !d}
Armour
 f - a +2 buckler (worn)
   (You found it on level 3 of the Dungeon)
 A - a +0 pair of gloves (worn)
   (You found it on level 8 of the Dungeon)
 G - a scarf of cloud immunity (worn)
   (You found it on level 11 of the Dungeon)
 J - a +0 pair of boots (worn)
   (You found it on level 4 of the Lair of Beasts)
Jewellery
 c - a ring of poison resistance (left hand) {rPois, !d}
   (You found it on level 7 of the Dungeon)
 n - an uncursed ring of protection from fire {unknown}
   (You found it on level 4 of the Lair of Beasts)
 s - an amulet of regeneration (around neck) {+regen, !d}
   (You took it off an orc warrior on level 6 of the Dungeon)
 w - an uncursed ring of stealth {unknown}
   (You found it on level 6 of the Lair of Beasts)
 z - a +2 ring of protection (right hand)
   (You found it on level 9 of the Dungeon)
 C - an uncursed amulet of the gourmand {Gourm, !d}
   (You found it on level 2 of the Lair of Beasts)
 F - an uncursed ring of fire {rF+, rC-}
   (You found it on level 10 of the Dungeon)
Wands
 e - a wand of paralysis (32)
   (You took it off an orc priest on level 4 of the Dungeon)
 p - a wand of scattershot (2)
   (You took it off Ijyb on level 3 of the Dungeon)
 t - a wand of disintegration (5)
   (You found it on level 1 of the Lair of Beasts)
 y - a wand of acid (22)
   (You found it on level 8 of the Dungeon)
 H - a wand of enslavement (25)
   (You found it on level 11 of the Dungeon)
Scrolls
 g - a scroll of magic mapping {!r}
 h - 3 scrolls of blinking {!r}
 i - 4 scrolls of amnesia
 j - a scroll of remove curse
 k - 3 scrolls of fog
 q - 4 scrolls of enchant weapon
 r - 2 scrolls of teleportation
 D - 3 scrolls of enchant armour
Potions
 d - 2 potions of mutation {!q}
 l - 2 potions of cancellation
 m - 13 potions of curing
 o - 5 potions of haste
 u - 2 potions of flight
 v - 2 potions of heal wounds
Miscellaneous
 x - a sack of spiders
Comestibles
 b - 19 rations


   Skills:
 + Level 13.5 Fighting
 + Level 11.8 Dodging
 - Level 4.0 Shields
 + Level 12.4 Unarmed Combat
 - Level 3.6 Spellcasting
 - Level 9.1 Transmutations
 - Level 3.9 Ice Magic
 - Level 2.9 Poison Magic
 - Level 8.8 Invocations
 - Level 8.0 Evocations


You had 5 spell levels left.
You knew the following spells:

 Your Spells              Type           Power        Failure   Level  Hunger
a - Beastly Appendage     Tmut           ####..       1%          1    None
b - Ice Form              Ice/Tmut       ###.....     14%         4    ####...
c - Spider Form           Tmut/Pois      ###.......   4%          3    ###....
s - Sticks to Snakes      Tmut           ####....     1%          2    ##.....
x - Blade Hands           Tmut           ####......   13%         5    ######.


Dungeon Overview and Level Annotations

Branches:
Dungeon (11/15)            Temple (1/1) D:5            Lair (6/6) D:11
  Swamp (0/4) Lair:2        Snake (0/4) Lair:4        Slime (0/5) Lair:6
    Orc: D:9-12

Altars:
Ashenzari
Cheibriados
Dithmenos
Elyvilon
Fedhas
Gozag
Hepliaklqana
Kikubaaqudgha
Makhleb
Nemelex Xobeh
Okawaru
Qazlal
Ru
Sif Muna
Trog
Uskayaw
Vehumet
Wu Jian
Xom
Yredelemnul
Zin
The Shining One
Beogh


Innate Abilities, Weirdness & Mutations

You can breathe wild blasts of lightning.
Your glossy black scales are hard. (AC +8)
You cannot fit into any form of body armour.
Your large and strong wings let you fly indefinitely.
You are resistant to electric shocks. (rElec)
You are cold-blooded and may be slowed by cold attacks.


Message History

The basilisk hisses angrily.
Your hands turn into razor-sharp scythe blades.
Your +0 pair of gloves melds into your body.
Your +2 buckler melds into your body.
The fire dragon roars deafeningly!
You are feeling hungry.
You now have 15/20 mp.
The basilisk closely misses you. The basilisk misses you.
You completely miss the basilisk. The basilisk misses you.
You slice the basilisk!!
You kill the basilisk!
Dithmenos accepts your kill.
You see here a basilisk corpse.
A lava snake comes into view.
You regained 2 mp, and now have 18/20 mp.
Your transformation is almost over.
The lava snake hisses angrily.
The lava snake spits lava at you. The glob of lava hits you!
You take 8 damage, and have 121/129 hp.
The lava snake spits lava at you. The glob of lava misses you.
You slice the lava snake!!
You kill the lava snake!
Dithmenos accepts your kill.
Dithmenos appreciates your extinguishing a source of fire.
No target in view!
No target in view!
Your hands revert to their normal proportions.
Your +0 pair of gloves unmelds from your body.
Your +2 buckler unmelds from your body.
MP restored: 20 Health restored: 129
Okay, then.
Unknown command.
Okay, then.
Unknown command.
Okay, then.
Unknown command.
You open the large door.
Aim: a fire dragon (umbra)
The burst of metal fragments hits the fire dragon. x7
Okay, then.
Unknown command.
You turn into a creature of crystalline ice.
Your scarf of cloud immunity melds into your body.
Your +0 pair of gloves melds into your body.
Your +0 pair of boots melds into your body.
Your +2 buckler melds into your body.
You feel vulnerable to the effects of clouds.
You are feeling very hungry.
The fire dragon breathes flames at you. The blast of flame hits you!
The fire burns you terribly!
You emit a cloud of dark smoke.
You now have 84/154 hp.
You hit the fire dragon but do no damage.
The fire dragon barely misses you. The fire dragon claws you.
The fire dragon tramples you but does no damage.
You take 1 damage, and have 83/154 hp.
You barely miss the fire dragon.
The fire dragon bites you but does no damage.
The fire dragon claws you. The fire dragon tramples you!
You stumble backwards!
You take 10 damage, and have 73/154 hp.
You hit the fire dragon. You freeze the fire dragon.
The fire dragon bites you!! The fire dragon claws you.
The fire dragon tramples you!
* * * LOW HITPOINT WARNING * * *
You hold your ground!
You take 30 damage, and have 43/154 hp.
You hit the fire dragon. You freeze the fire dragon.
Your shadow hits the fire dragon. The fire dragon breathes flames at you.
The blast of flame misses you.
You pummel the fire dragon!! You freeze the fire dragon!
You hit the fire dragon but do no damage.
Your shadow hits the fire dragon. The fire dragon breathes flames at you.
The blast of flame misses you.
You hit the fire dragon but do no damage.
Your shadow hits the fire dragon. The fire dragon barely misses you.
The fire dragon misses you. The fire dragon barely misses you.
You hit the fire dragon but do no damage.
The fire dragon misses you. The fire dragon barely misses you.
The fire dragon completely misses you.
You warm up again.
Your scarf of cloud immunity unmelds from your body.
Your +0 pair of gloves unmelds from your body.
Your +0 pair of boots unmelds from your body.
Your +2 buckler unmelds from your body.
You feel immune to the effects of clouds.
You block the fire dragon's attack. The fire dragon closely misses you. x2
You now have 38/129 hp.
Okay, then.
Unknown command.
You create 2 snakes!
You now have 216 arrows.
The fire dragon breathes flames at you. The blast of flame hits you!
You die...

#≈§ #########..........
#≈≈###8#8#######..######
#≈≈≈≈§≈§≈#8## #### #
###§≈≈..§§§§≈##
###§≈§§....§≈§≈≈### #
##≈≈≈≈......§.§.≈≈§≈#≈ #
####.......S...S...##≈§§§ ##
####.........§§≈..≈§.###§§§# #.
#.............§§@§§≈####§≈§#####.
##.........#≈§§§D§§≈≈§# ##.8#.###
###......#≈§.##§§##§§§##....## #
##.....#§.##....##≈##.....8# #
#......≈.#......#≈#......##
#.......≈#......#§#.......##
#8#.....†#≈#......#≈§........##
#......#§§#/$..?)#≈≈§≈##......
#8#8##.##≈≈##$$$$##§≈§#........


You could see a fire dragon, a friendly water moccasin and a friendly ball
python.

Vanquished Creatures
  Gastronok (D:8)
  A frost giant (IceCv)
  2 entropy weavers (Lair:5)
  The ghost of p0werm0de the Devastator, a journeyman DsFE of Vehumet (Lair:6)
  9 hydras
  A catoblepas (Lair:5)
  A queen ant (Lair:5)
  Erica (D:8)
  8 death yaks
  A two-headed ogre (D:9)
  Nergalle (Lair:2)
  2 fire crabs
  A lindwurm (Lair:6)
  An orc knight (D:11)
  A black mamba (Lair:6)
  14 elephants
  3 molten gargoyles (Lair:6)
  2 gargoyles
  A torpor snail (Lair:5)
  11 rime drakes
  8 spiny frogs
  A komodo dragon (shapeshifter) (D:9)
  13 komodo dragons
  14 polar bears (IceCv)
  A troll (D:10)
  A tyrant leech (Lair:2)
  9 blink frogs
  11 hippogriffs
  A vampire (D:10)
  11 wyverns
  42 yaks
  13 basilisks
  A steam dragon (Lair:6)
  2 wargs (D:11)
  11 water moccasins
  11 soldier ants (Lair:5)
  A swamp worm (Lair:2)
  The ghost of crawlian the Firebug, an amateur DEFE of Vehumet (D:5)
  8 porcupines
  4 hell hounds (Lair:6)
  11 orc warriors
  4 sky beasts
  4 ice beasts
  A hornet zombie (D:10)
  A phantom (D:7)
  31 wolves
  3 ogres
  5 centaurs
  11 crocodiles
  3 big kobolds
  13 bullfrogs
  A wyvern zombie (D:10)
  A wyvern skeleton (D:8)
  6 scorpions
  12 killer bees (D:10)
  9 wights
  5 howler monkeys
  A vampire bat (D:3)
  4 electric eels
  3 crimson imps
  2 bullfrog zombies
  4 jellies
  4 lava snakes (Lair:6)
  A quasit (D:11)
  24 orc wizards
  2 hounds
  11 orc priests
  3 centaur skeletons
  A bullfrog skeleton (D:5)
  Jessica (D:3)
  4 iguanas
  Ijyb (D:3)
  26 worker ants
  A killer bee zombie (D:5)
  2 hound zombies
  2 hound skeletons
  A worker ant zombie (D:6)
  3 gnolls (D:8)
  9 adders
  4 shadow imps
  12 white imps (Lair:3)
  2 oozes (Lair:6)
  3 adder skeletons
  3 worms
  3 fire bats (D:3)
  3 leopard geckos
  64 orcs
  2 spectral bats (D:3)
  3 bat skeletons (D:3)
  A bat zombie (D:3)
  4 giant cockroaches
  5 goblins
  8 hobgoblins
  3 jackals (D:8)
  20 kobolds
  A quokka (D:11)
  14 bats
  A bat simulacrum (D:3)
  2 frilled lizards
  A quokka skeleton (D:5)
  6 rats
  A plant (Lair:3)
624 creatures vanquished.

Vanquished Creatures (collateral kills)
  3 two-headed ogres
  Prince Ribbit (D:7)
  Menkaure (D:7)
  2 ogres
  A phantom (D:3)
  A bullfrog (D:6)
  2 killer bees (D:10)
  2 wights
  A hound (D:6)
  2 worker ants (Lair:5)
  2 orcs
18 creatures vanquished.

Vanquished Creatures (others)
  2 orcs
  13 fungi
  6 plants
21 creatures vanquished.

Grand Total: 663 creatures vanquished

Notes
Turn   | Place    | Note
-------+----------+-------------------------------------------
     0 | D:1      | mhoghedin the Draconian Transmuter began the quest for the Orb.
     0 | D:1      | Reached XP level 1. HP: 16/16 MP: 3/3
   217 | D:1      | Reached XP level 2. HP: 21/23 MP: 3/5
   379 | D:1      | Learned a level 2 spell: Sticks to Snakes
   999 | D:2      | Reached XP level 3. HP: 22/28 MP: 6/6
  1067 | D:2      | Reached skill level 3 in Transmutations
  1860 | D:3      | Learned a level 3 spell: Spider Form
  1876 | D:3      | Noticed Ijyb
  1887 | D:3      | Killed Ijyb
  1887 | D:3      | Reached skill level 4 in Unarmed Combat
  1887 | D:3      | Reached XP level 4. HP: 20/35 MP: 5/7
  1946 | D:3      | HP: 8/35 [poisoned by a worker ant]
  1950 | D:3      | Reached skill level 1 in Poison Magic
  2253 | D:3      | Noticed a phantom
  2295 | D:3      | Killed a phantom
  2295 | D:3      | Reached skill level 1 in Shields
  2295 | D:3      | Reached XP level 5. HP: 20/40 MP: 2/8
  2618 | D:3      | Noticed Jessica
  2628 | D:3      | Killed Jessica
  2920 | D:3      | Reached skill level 4 in Transmutations
  2920 | D:3      | Reached skill level 2 in Poison Magic
  2920 | D:3      | Reached XP level 6. HP: 46/47 MP: 7/9
  2947 | D:3      | Reached skill level 2 in Shields
  3365 | D:4      | Reached skill level 5 in Unarmed Combat
  3404 | D:4      | HP: 8/47 [orc/falchion (5)]
  3784 | D:4      | HP: 15/70 [orc wizard/puff of flame (12)]
  3789 | D:4      | Your scales start taking on a glossy black colour.
  3789 | D:4      | Reached XP level 7. HP: 17/52 MP: 10/10
  3789 | D:4      | Gained mutation: You are resistant to electric shocks. (rElec) [Black Draconian growth]
  3796 | D:4      | HP: 18/78 [orc/dagger (1)]
  3800 | D:4      | Reached skill level 3 in Shields
  4041 | D:4      | Learned a level 4 spell: Ice Form
  4400 | D:4      | Reached skill level 5 in Transmutations
  4655 | D:5      | Entered Level 5 of the Dungeon
  4765 | D:5      | Reached skill level 4 in Shields
  4852 | D:5      | Found a staircase to the Ecumenical Temple.
  4854 | D:5      | Noticed crawlian's ghost (amateur DEFE)
  4866 | D:5      | Reached skill level 6 in Unarmed Combat
  4881 | D:5      | Killed crawlian's ghost
  4881 | D:5      | Reached XP level 8. HP: 33/59 MP: 6/11
  4885 | D:5      | Reached skill level 6 in Transmutations
  5075 | Temple   | Entered the Ecumenical Temple
  5379 | Temple   | Became a worshipper of Dithmenos the Shadowed
  5566 | D:5      | Reached skill level 1 in Ice Magic
  5805 | D:5      | Reached skill level 2 in Ice Magic
  6048 | D:5      | Found a sacrificial altar of Ru.
  6290 | D:6      | Reached skill level 7 in Transmutations
  6328 | D:6      | Reached skill level 3 in Ice Magic
  6379 | D:6      | HP: 14/59 [poisoned by a scorpion]
  6384 | D:6      | HP: 12/59 [poisoned by a scorpion]
  6389 | D:6      | HP: 11/59 [poisoned by a scorpion]
  6397 | D:6      | HP: 10/59 [poisoned by a scorpion]
  6405 | D:6      | HP: 10/59 [poisoned by a scorpion]
  7076 | D:6      | Reached * piety under Dithmenos
  7076 | D:6      | Reached XP level 9. HP: 39/64 MP: 8/12
  7152 | D:6      | Found a deep blue altar of Sif Muna.
  7239 | D:7      | Found an opulent altar of Gozag.
  7338 | D:7      | Noticed Menkaure
  7347 | D:7      | Killed Menkaure
  7347 | D:7      | Reached skill level 3 in Spellcasting
  7347 | D:7      | Reached skill level 8 in Transmutations
  7485 | D:7      | Learned a level 5 spell: Blade Hands
  7501 | D:7      | Noticed Prince Ribbit
  7509 | D:7      | Killed Prince Ribbit
  7543 | D:7      | Reached skill level 7 in Unarmed Combat
  7616 | D:7      | Reached ** piety under Dithmenos
  7631 | D:7      | Reached skill level 9 in Transmutations
  8140 | D:8      | Reached skill level 2 in Dodging
  8203 | D:8      | Reached skill level 2 in Fighting
  8248 | D:8      | Noticed Erica
  8265 | D:8      | Killed Erica
  8265 | D:8      | Reached skill level 3 in Fighting
  8265 | D:8      | Reached skill level 3 in Dodging
  8265 | D:8      | Reached XP level 10. HP: 44/78 MP: 9/15
  8350 | D:8      | Reached skill level 4 in Fighting
  8594 | D:8      | Reached skill level 4 in Dodging
  8614 | D:8      | Noticed Gastronok
  8628 | D:8      | HP: 15/80 [Gastronok (32)]
  8631 | D:8      | Killed Gastronok
  8631 | D:8      | Reached skill level 6 in Fighting
  8631 | D:8      | Reached skill level 5 in Dodging
  8909 | D:8      | Found a shattered altar of Ashenzari.
  9078 | D:8      | Reached skill level 6 in Dodging
  9082 | D:8      | Reached skill level 7 in Fighting
  9098 | D:8      | Found an iron altar of Okawaru.
  9246 | D:9      | Noticed a gargoyle
  9250 | D:9      | Found a large runed door.
  9277 | D:9      | Killed a gargoyle
  9279 | D:9      | Found a large runed door.
  9317 | D:9      | Reached *** piety under Dithmenos
  9358 | D:9      | Noticed a two-headed ogre
  9377 | D:9      | Killed a two-headed ogre
  9428 | D:9      | Found a radiant altar of Vehumet.
  9473 | D:9      | Reached skill level 8 in Fighting
  9492 | D:9      | Found a sparkling altar of Nemelex Xobeh.
  9585 | D:9      | Reached XP level 11. HP: 93/94 MP: 9/16
  9605 | D:9      | Reached skill level 7 in Dodging
 10264 | D:9      | Found a shimmering altar of Xom.
 10264 | D:9      | Found a faded altar of an unknown god.
 10269 | D:9      | Found a stormy altar of Qazlal.
 10271 | D:9      | Found an ancient bone altar of Kikubaaqudgha.
 10272 | D:9      | Found a basalt altar of Yredelemnul.
 10419 | D:9      | Found a deep blue altar of Sif Muna.
 10431 | D:9      | Found a radiant altar of Vehumet.
 10431 | D:9      | Noticed a fire crab
 10438 | D:9      | HP: 16/95 [fire crab (8)]
 10440 | D:9      | Killed a fire crab
 10582 | D:10     | Entered Level 10 of the Dungeon
 10626 | D:10     | Reached **** piety under Dithmenos
 11333 | D:10     | Reached skill level 9 in Fighting
 11343 | D:10     | Found a snail-covered altar of Cheibriados.
 11421 | D:10     | Reached skill level 8 in Unarmed Combat
 11777 | D:10     | Reached skill level 8 in Dodging
 12043 | D:10     | Noticed a two-headed ogre
 12064 | D:10     | Killed a two-headed ogre
 12064 | D:10     | Reached ***** piety under Dithmenos
 12091 | D:10     | Reached skill level 1 in Invocations
 12342 | D:11     | Reached skill level 2 in Invocations
 12420 | D:11     | Noticed an orc knight
 12421 | D:11     | Reached skill level 3 in Invocations
 12427 | D:11     | Found a roughly hewn altar of Beogh.
 12437 | D:11     | Killed an orc knight
 12437 | D:11     | Reached skill level 4 in Invocations
 12443 | D:11     | Found a staircase to the Lair.
 12749 | D:11     | Reached skill level 5 in Invocations
 13100 | D:11     | Reached skill level 6 in Invocations
 13245 | D:11     | Noticed a two-headed ogre
 13261 | D:11     | Killed a two-headed ogre
 13406 | D:11     | Noticed a two-headed ogre
 13425 | D:11     | Killed a two-headed ogre
 13586 | D:11     | Noticed a five-headed hydra
 13869 | Lair:1   | Entered Level 1 of the Lair of Beasts
 14150 | Lair:1   | Noticed a five-headed hydra
 14161 | Lair:1   | Killed a five-headed hydra
 14161 | Lair:1   | Reached XP level 12. HP: 32/106 MP: 10/17
 14391 | Lair:1   | Reached skill level 10 in Fighting
 14568 | Lair:1   | Reached skill level 9 in Unarmed Combat
 15098 | Lair:2   | Reached skill level 1 in Evocations
 15198 | Lair:2   | Reached skill level 9 in Dodging
 15198 | Lair:2   | Reached skill level 2 in Evocations
 15290 | Lair:2   | Noticed a four-headed hydra
 15538 | Lair:2   | Killed a seven-headed hydra
 15543 | Lair:2   | Reached skill level 7 in Invocations
 15551 | Lair:2   | Reached skill level 3 in Evocations
 15637 | Lair:2   | Noticed an eight-headed hydra
 15647 | Lair:2   | Killed an eight-headed hydra
 15834 | Lair:2   | Found a staircase to the Swamp.
 15841 | Lair:2   | Noticed Nergalle
 15850 | Lair:2   | Killed Nergalle
 15897 | Lair:2   | Reached skill level 11 in Fighting
 15993 | Lair:2   | Reached ****** piety under Dithmenos
 15993 | Lair:2   | Reached skill level 4 in Evocations
 16159 | Lair:2   | Reached skill level 10 in Unarmed Combat
 16276 | Lair:3   | Reached XP level 13. HP: 51/116 MP: 11/18
 16394 | Lair:3   | Found a frozen archway.
 16465 | IceCv    | Entered an ice cave
 16519 | IceCv    | Identified The Foundations of Spellcraft
 16580 | IceCv    | Reached skill level 8 in Invocations
 16828 | IceCv    | Reached skill level 5 in Evocations
 16927 | IceCv    | Noticed a frost giant
 16943 | IceCv    | Killed a frost giant
 16943 | IceCv    | Reached skill level 10 in Dodging
 18123 | Lair:4   | Reached skill level 6 in Evocations
 18296 | Lair:4   | Reached skill level 12 in Fighting
 18303 | Lair:4   | Reached skill level 11 in Unarmed Combat
 18749 | Lair:4   | Gained mutation: Your large and strong wings let you fly indefinitely. [Black Draconian growth]
 18749 | Lair:4   | Reached XP level 14. HP: 126/126 MP: 14/20
 18776 | Lair:4   | Found a staircase to the Snake Pit.
 19020 | Lair:5   | Noticed an entropy weaver
 19027 | Lair:5   | Killed an entropy weaver
 19031 | Lair:5   | Noticed an entropy weaver
 19228 | Lair:5   | Reached skill level 7 in Evocations
 19664 | Lair:5   | Reached skill level 11 in Dodging
 19676 | Lair:5   | HP: 29/127 [entropy weaver (7)]
 19677 | Lair:5   | HP: 10/127 [entropy weaver (5)]
 20050 | Lair:5   | Killed an entropy weaver
 20720 | Lair:6   | Entered Level 6 of the Lair of Beasts
 21073 | Lair:6   | Noticed p0werm0de's ghost (journeyman DsFE)
 21082 | Lair:6   | Killed p0werm0de's ghost
 21136 | Lair:6   | HP: 31/152 [five-headed hydra (11)]
 21138 | Lair:6   | HP: 10/152 [five-headed hydra (12)]
 21200 | Lair:6   | Reached skill level 8 in Evocations
 21340 | Lair:6   | Reached skill level 13 in Fighting
 21401 | Lair:6   | Reached skill level 12 in Unarmed Combat
 21470 | Lair:5   | HP: 28/129 [spiny frog (22)]
 21875 | Lair:6   | Found a staircase to the Slime Pits.
 22021 | Lair:6   | HP: 19/129 [lindwurm/blast of flame (27)]
 22381 | Lair:6   | Found a large runed door.
 22382 | Lair:6   | Found a large runed door.
 22410 | Lair:6   | Killed from afar by a fire dragon

Vault maps used:
D:1:      sevenhm_arrival_forest_fort_small_3, serial_forest,
          infiniplex_forest_zigzag_1, infiniplex_forest_diagonal,
          infiniplex_forest_clump_diagonal, infiniplex_forest_lined_room_3
D:2:      first_ration
D:3:      minmay_wonky_spiral, goddamned_bats, uniq_ijyb, uniq_jessica
D:5:      minmay_temple_entry_grid, nicolae_ru_sacrificial_ziggurat
D:6:      tgw_sif
D:7:      grunt_gozag_statues, kennysheep_generic_room_7, uniq_menkaure,
          uniq_prince_ribbit1
D:8:      lemuel_coloured_pillars_altar, marbit_many_paths, uniq_erica,
          uniq_gastronok
D:9:      nemelex_altar_shiori, chequers_temple_overflow_minitemple,
          basic_altar, grunt_pizzeria, jmf_multi_god_temple2
D:10:     basic_altar, eino_jars
D:11:     erik_lair_orcish_takeover, special_room
Temple:   minmay_temple_bridge_abc
Lair:1:   dpeg_stationary_puzzle
Lair:2:   minmay_swamp_entry_worms, special_room, beast_lair_carwin_6,
          lemuel_fruit_fields, uniq_nergalle
Lair:3:   portal_ice_cave_entry_imps, serial_bayou_shore_a, grunt_megastairs_1
Lair:4:   dummy_snake_entry
Lair:5:   minmay_another_anthill, serial_bayou_shore_b, serial_bayou_shore_b
Lair:6:   cheibrodos_lair_end_hotspot, nicolae_slime_entry_slimehenge,
          lab_entry_generic
IceCv:    ice_cave_caverns_03

Skill      XL: |  1  2  3  4  5  6  7  8  9 10 11 12 13 14 |
---------------+-------------------------------------------+-----
Transmutations | 3 4 5 7 9 |  9.1
Unarmed Combat | 4 5 6 7 8 10 11 12 | 12.4
Poison Magic   | 1 2 |  2.9
Shields        | 1 2 4 |  4.0
Ice Magic      | 3 |  3.9
Spellcasting   | 3 |  3.6
Dodging        | 3 6 8 9 10 11 | 11.8
Fighting       | 3 8 9 11 12 13 | 13.5
Invocations    | 6 7 8 |  8.8
Evocations     | 4 6 8 |  8.0

Action                   |  1- 3 |  4- 6 |  7- 9 | 10-12 | 13-15 || total
-------------------------+-------+-------+-------+-------+-------++-------
Melee: Unarmed           |   110 |   190 |   416 |   793 |   764 ||  2273
       Kick              |     7 |    11 |    36 |    13 |       ||    67
       Tailslap          |    11 |    15 |    44 |    52 |    74 ||   196
       Headbutt          |     6 |     9 |    18 |    11 |       ||    44
       Punch             |     1 |       |       |     6 |    21 ||    28
 Cast: Beastly Appendage |    21 |    15 |    26 |     8 |       ||    70
       Sticks to Snakes  |       |     5 |    19 |    47 |     1 ||    72
       Spider Form       |       |       |     9 |    19 |     9 ||    37
       Ice Form          |       |       |     1 |     9 |     9 ||    19
       Blade Hands       |       |       |     2 |    31 |    44 ||    77
Invok: Shadow Step       |       |       |       |       |     1 ||     1
       Shadow Form       |       |       |       |       |     4 ||     4
 Abil: Breathe Lightning |       |       |     4 |     2 |     1 ||     7
       End Transformatio |       |       |     2 |     2 |     3 ||     7
Evoke: Wand              |       |       |     2 |    19 |    14 ||    35
       Sack of spiders   |       |       |       |     1 |     3 ||     4
  Use: Scroll            |     5 |     8 |     3 |    13 |     7 ||    36
       Potion            |       |     2 |     3 |       |     2 ||     7
 Stab: Paralysed         |       |       |     5 |       |     2 ||     7
       Sleeping          |       |       |       |     2 |     1 ||     3
       Invisible         |       |       |       |       |     8 ||     8
       Distracted        |       |       |       |       |     2 ||     2
       Betrayed ally     |       |       |       |       |     1 ||     1
  Eat: Chunk             |     3 |     7 |    18 |    17 |    22 ||    67
       Ration            |       |       |       |     9 |     5 ||    14
Armor: Skin              |    30 |   123 |    74 |   105 |   122 ||   454
Dodge: Dodged            |    54 |   136 |   213 |   692 |   696 ||  1791
Block: Buckler           |    10 |    74 |    76 |   132 |    54 ||   346
       Other             |       |       |       |    33 |       ||    33
       Reflection        |       |       |       |     1 |       ||     1

Table legend:
 A = Spawn XP
 B = Non-spawn XP
 C = Spawn XP percentage of total XP
 D = Spawn monster count
 E = Non-spawn monster count
 F = Spawn count percentage of total count
 G = Total turns spent on level
                    A         B        C        D         E        F      G
               +---------+---------+-------+---------+---------+-------+---------
         Total |       0 |  100358 |   0.0 |       0 |     641 |   0.0 | 22410
               +---------+---------+-------+---------+---------+-------+---------
           D:1 |       0 |      23 |   0.0 |       0 |      13 |   0.0 |   836
           D:2 |       0 |      34 |   0.0 |       0 |      10 |   0.0 |   727
           D:3 |       0 |     432 |   0.0 |       0 |      41 |   0.0 |  1717
           D:4 |       0 |     597 |   0.0 |       0 |      30 |   0.0 |  1375
           D:5 |       0 |    1072 |   0.0 |       0 |      30 |   0.0 |  1227
           D:6 |       0 |     752 |   0.0 |       0 |      17 |   0.0 |   982
           D:7 |       0 |    1618 |   0.0 |       0 |      29 |   0.0 |   983
           D:8 |       0 |    4555 |   0.0 |       0 |      31 |   0.0 |  1068
           D:9 |       0 |    3816 |   0.0 |       0 |      46 |   0.0 |  1341
          D:10 |       0 |    3528 |   0.0 |       0 |      45 |   0.0 |  1689
          D:11 |       0 |    4643 |   0.0 |       0 |      54 |   0.0 |  1598
        Lair:1 |       0 |    3246 |   0.0 |       0 |      14 |   0.0 |  1401
        Lair:2 |       0 |   13224 |   0.0 |       0 |      51 |   0.0 |   981
        Lair:3 |       0 |    3732 |   0.0 |       0 |      34 |   0.0 |  1027
        Lair:4 |       0 |   11603 |   0.0 |       0 |      40 |   0.0 |  1358
        Lair:5 |       0 |   14305 |   0.0 |       0 |      55 |   0.0 |  1604
        Lair:6 |       0 |   20939 |   0.0 |       0 |      57 |   0.0 |  1501
         IceCv |       0 |   12239 |   0.0 |       0 |      44 |   0.0 |   669
               +---------+---------+-------+---------+---------+-------+---------

Vault maps used:
D:1:      sevenhm_arrival_forest_fort_small_3, serial_forest,
          infiniplex_forest_zigzag_1, infiniplex_forest_diagonal,
          infiniplex_forest_clump_diagonal, infiniplex_forest_lined_room_3
D:2:      first_ration
D:3:      minmay_wonky_spiral, goddamned_bats, uniq_ijyb, uniq_jessica
D:5:      minmay_temple_entry_grid, nicolae_ru_sacrificial_ziggurat
D:6:      tgw_sif
D:7:      grunt_gozag_statues, kennysheep_generic_room_7, uniq_menkaure,
          uniq_prince_ribbit1
D:8:      lemuel_coloured_pillars_altar, marbit_many_paths, uniq_erica,
          uniq_gastronok
D:9:      nemelex_altar_shiori, chequers_temple_overflow_minitemple,
          basic_altar, grunt_pizzeria, jmf_multi_god_temple2
D:10:     basic_altar, eino_jars
D:11:     erik_lair_orcish_takeover, special_room
Temple:   minmay_temple_bridge_abc
Lair:1:   dpeg_stationary_puzzle
Lair:2:   minmay_swamp_entry_worms, special_room, beast_lair_carwin_6,
          lemuel_fruit_fields, uniq_nergalle
Lair:3:   portal_ice_cave_entry_imps, serial_bayou_shore_a, grunt_megastairs_1
Lair:4:   dummy_snake_entry
Lair:5:   minmay_another_anthill, serial_bayou_shore_b, serial_bayou_shore_b
Lair:6:   cheibrodos_lair_end_hotspot, nicolae_slime_entry_slimehenge,
          lab_entry_generic
IceCv:    ice_cave_caverns_03

Table legend:
 A = Turns spent in this place as a percentage of turns spent in the entire game.
 B = Non-inter-level travel turns spent in this place as a percentage of non-inter-level travel turns spent in the entire game.
 C = Inter-level travel turns spent in this place as a percentage of turns spent in this place.
 D = Turns resting spent in this place as a percentage of non-inter-level travel turns spent in this place.
 E = Turns spent auto-exploring this place as a percentage of non-inter-level travel turns spent in this place.
 F = Non-inter-level travel turns spent in this place divided by the number of levels of this place that you've seen.
                   A       B       C       D       E      F
               +-------+-------+-------+-------+-------+----------------------
         Total | 100.0 | 100.0 |   2.9 |  25.7 |  47.5 | 1145.2
       Dungeon |  60.4 |  60.8 |   2.3 |  30.5 |  46.1 | 1202.5
        Temple |   1.5 |   1.4 |   6.4 |   0.0 |  44.6 | 305.0
          Lair |  35.1 |  34.7 |   4.0 |  18.4 |  51.7 | 1259.7
      Ice Cave |   3.0 |   3.1 |   0.0 |  24.8 |  30.0 | 669.0
               +-------+-------+-------+-------+-------+----------------------

Table legend:
 A = Kills in this place as a percentage of kills in entire the game.
 B = Kills by you in this place as a percentage of kills by you in the entire game.
 C = Kills by friends in this place as a percentage of kills by friends in the entire game.
 D = Other kills in this place as a percentage of other kills in the entire game.
 E = Experience gained in this place as a percentage of experience gained in the entire game.
 F = Experience gained in this place divided by the number of levels of this place that you have seen.
                   A       B       C       D       E      F
               +-------+-------+-------+-------+-------+----------------------
         Total | 100.0 | 100.0 | 100.0 |   N/A | 100.0 | 5282.0
       Dungeon |  54.0 |  53.0 |  88.9 |   N/A |  21.0 | 1915.5
          Lair |  39.2 |  40.0 |  11.1 |   N/A |  66.8 | 11174.8
      Ice Cave |   6.9 |   7.1 |   0.0 |   N/A |  12.2 | 12239.0
               +-------+-------+-------+-------+-------+----------------------
